 Dungeon Sprint DCSS version 0.27.1-33-g824d729ab1 (webtiles) character file.

Game seed: 869123091126789590

657 manyhoops the Spear-Bearer (level 7, -1/59 HPs)
             Began as a Merfolk Gladiator on Nov 25, 2021.
             Slain by a centaur warrior (12 damage)
             ... in the Dungeon (Sprint I: "Red Sonja").
             The game lasted 00:02:16 (769 turns).

manyhoops the Spear-Bearer (Merfolk Gladiator)       Turns: 769, Time: 00:02:17

Health: -1/59      AC:  5    Str: 16    XL:     7   Next: 55%
Magic:  7/7        EV: 19    Int:  7    God:
Gold:   165        SH:  8    Dex: 16    Spells: 6/6 levels left

rFire    . . .     SeeInvis .   a - +0 trident
rCold    . . .     Faith    .   e - +2 buckler
rNeg     + . .     Spirit   .   g - +2 robe {rN+}
rPois    .         Reflect  .   c - +0 helmet
rElec    .         Harm     .   (no cloak)
rCorr    .         Rampage  .   (no gloves)
Will     .....     NoTele   +   (no boots)
Stlth    +.........             (no amulet)
HPRegen  0.19/turn              (no ring)
MPRegen  0.10/turn              (no ring)

@: no status effects
A: (nimble swimmer 2), mertail
a: no special abilities


You were in the Dungeon.
You visited 1 branch You collected 360 gold pieces.
You spent 195 gold pieces at shops.

Inventory:

Hand Weapons
 a - a +0 trident (weapon)
Armour
 c - a +0 helmet (worn)
 e - a +2 buckler (worn)
 g - a +2 robe of positive energy (worn)
Wands
 d - a wand of polymorph (8)
Scrolls
 j - a scroll of blinking
Potions
 h - 2 potions of magic


   Skills:
 * Level 6.6 Fighting
 + Level 13.2 Polearms
 - Level 2.0 Throwing
 * Level 12.9 Dodging
 - Level 6.3 Shields


You had 6 spell levels left.
You didn't know any spells.
Your spell library was empty.

Dungeon Overview and Level Annotations

Branches:
Dungeon (1/1)

Altars:
Cheibriados
Dithmenos
Elyvilon
Fedhas
Gozag
Hepliaklqana
Kikubaaqudgha
Makhleb
Nemelex Xobeh
Okawaru
Qazlal
Ru
Sif Muna
Trog
Uskayaw
Vehumet
Wu Jian
Xom
Yredelemnul
Zin
The Shining One
Jiyva
Lugonu

Shops:
D [


Innate Abilities, Weirdness & Mutations

((You are quick and stealthy near water. (Stealth+, EV+, Speed+++)))
Your lower body shifts to a powerful aquatic tail in water.


Message History

The centaur warrior completely misses you.
The centaur warrior hits you. The centaur warrior kicks you.
You barely miss the centaur warrior. The centaur warrior closely misses you.
The centaur warrior kicks you but does no damage.
The centaur warrior closely misses you.
The centaur warrior kicks you but does no damage.
Unknown command.
Unknown command.
You puncture the centaur warrior!
The centaur warrior is moderately wounded.
The centaur warrior hits you!
The centaur warrior completely misses you.
The centaur warrior closely misses you.
The centaur warrior completely misses you.
Unknown command.
You barely miss the centaur warrior.
The centaur warrior is moderately wounded.
The centaur warrior hits you!
* * * LOW HITPOINT WARNING * * *
You block the centaur warrior's attack. x2
The centaur warrior closely misses you.
You hit the centaur warrior but do no damage.
The centaur warrior is moderately wounded.
The centaur warrior hits you but does no damage.
You block the centaur warrior's attack. The centaur warrior barely misses you.
The centaur warrior kicks you but does no damage.
Unknown command.
You puncture the centaur warrior!
The centaur warrior is heavily wounded.
The centaur warrior hits you but does no damage.
The centaur warrior kicks you.
* * * LOW HITPOINT WARNING * * *
You block the centaur warrior's attack. The centaur warrior misses you.
Unknown command.
Unknown command.
You puncture the centaur warrior!
The centaur warrior is heavily wounded.
You block the centaur warrior's attack. The centaur warrior misses you.
The centaur warrior hits you!
You die...

######################
#<.#..').#.)'..#__#..+
#.)'..#..'..#..'^.'..#
#..#####+#####'#__####
#..### #...#.####§§#
#..#__####..##)#§§§..#
#..#_____##c#§§§§§≈§c+
#⌠⌠#_.∩...'.@c_#≈≈§§.#
####_..__##_§#'##+####
#_____###+#)# #######
###


You could see 2 centaur warriors.

Vanquished Creatures
  A slime creature (D)
  Sigmund (D)
  A yak (D)
  An ogre (D)
  A jelly (D)
  Ijyb (D)
6 creatures vanquished.

Notes
Turn   | Place    | Note
-------+----------+-------------------------------------------
     0 | D        | manyhoops the Merfolk Gladiator began the quest for the
                  | Orb.
     0 | D        | Reached XP level 1. HP: 16/16 MP: 1/1
     4 | D        | Noticed Ijyb
    25 | D        | Killed Ijyb
    26 | D        | Reached skill level 9 in Polearms
    26 | D        | Reached XP level 2. HP: 15/22 MP: 2/2
    26 | D        | Reached XP level 3. HP: 18/27 MP: 3/3
   183 | D        | Noticed an ogre
   188 | D        | Killed an ogre
   189 | D        | Reached skill level 13 in Polearms
   189 | D        | Reached XP level 4. HP: 33/33 MP: 4/4
   294 | D        | Noticed Sigmund
   312 | D        | Killed Sigmund
   313 | D        | Reached skill level 5 in Fighting
   313 | D        | Reached skill level 10 in Dodging
   313 | D        | Reached XP level 5. HP: 44/44 MP: 5/5
   313 | D        | Reached XP level 6. HP: 51/51 MP: 6/6
   355 | D        | Found an ornate altar of the Wu Jian Council.
   355 | D        | Found a shimmering blue altar of Sif Muna.
   357 | D        | Found a radiant altar of Vehumet.
   368 | D        | Found Ygickot's Antique Armour Emporium.
   368 | D        | Found an ancient bone altar of Kikubaaqudgha.
   368 | D        | Found a stormy altar of Qazlal.
   368 | D        | Found a blossoming altar of Fedhas.
   368 | D        | Found a bloodstained altar of Trog.
   368 | D        | Found an iron altar of Okawaru.
   368 | D        | Found a glowing golden altar of the Shining One.
   368 | D        | Found a glowing silver altar of Zin.
   368 | D        | Found a white marble altar of Elyvilon.
   368 | D        | Noticed a yak
   383 | D        | Found a hazy altar of Hepliaklqana.
   383 | D        | Found a hide-covered altar of Uskayaw.
   390 | D        | Killed a yak
   391 | D        | Reached XP level 7. HP: 54/59 MP: 7/7
   393 | D        | Found a basalt altar of Yredelemnul.
   393 | D        | Found an opulent altar of Gozag.
   393 | D        | Found a snail-covered altar of Cheibriados.
   393 | D        | Found a sacrificial altar of Ru.
   393 | D        | Found a shadowy altar of Dithmenos.
   394 | D        | Found a sparkling altar of Nemelex Xobeh.
   425 | D        | Bought a runed buckler for 195 gold pieces
   442 | D        | Found a viscous altar of Jiyva.
   442 | D        | Found a corrupted altar of Lugonu.
   442 | D        | Noticed a slime creature
   443 | D        | Found a burning altar of Makhleb.
   443 | D        | Found a shimmering altar of Xom.
   462 | D        | Killed a slime creature
   748 | D        | Noticed a centaur warrior
   751 | D        | Noticed a centaur warrior
   769 | D        | Slain by a centaur warrior

Illustrated notes

Levels and vault maps discovered:
D:        dungeon_sprint_1 [red_sonja_temple_1, red_sonja_temple_small_1]

Skill      XL: |  1  2  3  4  5  6  7 |
---------------+----------------------+-----
Polearms       | 9 13 | 13.2
Fighting       | 5 6 |  6.6
Dodging        | 10 12 | 12.9
Shields        | 6 |  6.3
Throwing       | |  2.0

Action                   |  1- 3 |  4- 6 |  7- 9 || total
-------------------------+-------+-------+-------++-------
Melee: Trident           |    20 |    30 |    26 ||    76
Throw: Throwing net      |     4 |     4 |       ||     8
  Use: Potion            |     1 |     2 |     1 ||     4
 Stab: Held in net/web   |     2 |     1 |       ||     3
       Sleeping          |       |     1 |       ||     1
Armor: Leather armour    |     1 |       |       ||     1
       Robe              |       |       |     8 ||     8
Dodge: Dodged            |     6 |     7 |    20 ||    33
Block: Buckler           |       |       |    11 ||    11
